 Dungeon Crawl Stone Soup version 0.30-a0-390-g80c34de65d (webtiles) character file.

Game seed: 12793363298706938525

2268 Bnni the Spear-Bearer (level 9, -3/70 (74) HPs)
             Began as a Formicid Fighter on Dec 4, 2022.
             Slain by an ogre
             ... wielding a +0 giant spiked club
              (13 damage)
             ... on level 6 of the Dungeon.
             The game lasted 00:10:07 (5067 turns).

Bnni the Spear-Bearer (Formicid Fighter)            Turns: 5067, Time: 00:10:08

HP:   -3/70 (74)    AC: 16    Str: 25    XL:     9   Next: 65%
MP:   0/9           EV:  6    Int:  8    God:
Gold: 347           SH:  5    Dex: 13    Spells: 8/8 levels left

rFire   . . .      SeeInvis +    p - +0 scythe
rCold   . . .      Faith    .    c - +0 buckler
rNeg    + + .      Spirit   +    h - +1 plate armour
rPois   .          Reflect  .    (helmet unavailable)
rElec   .          Harm     .    b - +1 cloak {Will+}
rCorr   .          Rampage  .    m - +0 pair of gloves
Will    +....                    f - +0 pair of boots
Stlth   ..........               y - amulet of guardian spirit
HPRegen 0.31/turn                C - ring of positive energy
MPRegen 0.11/turn                k - ring of positive energy

@: mighty, drained
A: permanent stasis, dig shafts and tunnels, antennae 3, four strong arms
a: Dig, Shaft Self


You were on level 6 of the Dungeon.
You visited 1 branch of the dungeon, and saw 6 of its levels.
You also visited: Ossuary.

You collected 347 gold pieces.

Inventory:

Hand Weapons
 a - a +0 trident
 p - a +0 scythe (weapon)
 D - a +2 hand axe of venom
Missiles
 v - 4 boomerangs
 F - 11 poisoned darts
Armour
 b - a +1 cloak of willpower (worn)
 c - a +0 buckler (worn)
 f - a +0 pair of boots (worn)
 h - a +1 plate armour (worn)
 m - a +0 pair of gloves (worn)
Jewellery
 g - a ring of flight
 k - a ring of positive energy (right hand)
 y - an amulet of guardian spirit (around neck)
 C - a ring of positive energy (left hand)
Wands
 d - a wand of roots (2)
 w - a wand of flame (21)
 B - a wand of polymorph (12)
Scrolls
 e - a scroll of magic mapping {unknown}
 j - 2 scrolls of immolation {unknown}
 l - a scroll of blinking {unknown}
 q - 2 scrolls of poison {unknown}
 r - 2 scrolls of vulnerability {unknown}
 s - a scroll of torment
 t - a scroll of brand weapon
 A - a scroll of amnesia
 G - 2 scrolls of enchant armour {unknown}
 H - a scroll of fear
 M - a scroll of noise {unknown}
 N - a scroll of enchant weapon
Potions
 i - 6 potions of curing
 n - a potion of degeneration {unknown}
 o - a potion of invisibility {unknown}
 u - a potion of flight {unknown}
 x - 2 potions of brilliance {unknown}
 z - 3 potions of mutation
 E - 4 potions of lignification {unknown}
 I - 2 potions of cancellation {unknown}
 J - 2 potions of attraction {unknown}
 K - a potion of might
 L - 2 potions of heal wounds
 O - a potion of magic {unknown}


   Skills:
 + Level 8.2 Fighting
 * Level 10.1 Polearms
 - Level 3.2 Armour
 - Level 5.0 Shields


You had 8 spell levels left.
You didn't know any spells.
Your spell library was empty.

Dungeon Overview and Level Annotations

Branches:
Dungeon (6/15)            Ossuary (visited)
 Temple: D:4-7

Altars:
Ashenzari
Kikubaaqudgha
Ru
Vehumet
Wu Jian
Xom


Innate Abilities, Weirdness & Mutations

You cannot be hasted, slowed, berserked, paralysed or teleported.
You can dig through walls and to a lower floor.
You have a pair of large antennae on your head. (SInv)
Your four strong arms can wield two-handed weapons with a shield.


Message History

You dig through the rock wall.
You feel drained.
You retract your mandibles.
You closely miss the orc warrior.
The orc warrior is almost dead.
The orc warrior closely misses you.
You hit the orc warrior but do no damage.
The orc warrior is almost dead.
The orc warrior hits you with a +0 morningstar!
You extend your mandibles.
You dig through the rock wall.
You feel drained.
You retract your mandibles.
You hit the orc warrior but do no damage.
The orc warrior is almost dead.
The howler monkey hoots and howls with incredible vigour!
The orc warrior hits you but does no damage.
The orc wizard mumbles some strange words.
The orc wizard flickers and vanishes for a moment.
You hear a shout! x4
You barely miss the orc warrior.
The orc warrior is almost dead.
The orc warrior closely misses you.
Unknown command.
You feel very mighty all of a sudden.
The orc warrior hits you with a +0 morningstar!
* * * LOW HITPOINT WARNING * * *
You hit the orc warrior but do no damage.
The orc warrior is almost dead.
Unknown command.
You hit the orc warrior.
You kill the orc warrior!
Your Polearms skill increases to level 10!
You impale the ogre!!
The ogre is almost dead.
The ogre hits you with a +0 giant spiked club!
* * * LOW HITPOINT WARNING * * *
You block the orc's attack.
You barely miss the ogre.
The ogre is almost dead.
The orc hits you but does no damage.
The ogre hits you with a +0 giant spiked club!
You die...

####.......#####
#####..#.†.#...#...#
.......#...#...#.###
######.'#######+.#
#...........#
#.......##..# #
##......#..## #####
#......#.###
....###....).O{#@#
...<.........#oO## #8.
##..........oo####.....
##..######....{.>oo....
...## {###...........
.#.# #.#####..... .#.#
{ ...# o... ##.# #####
... ##.. { ..


You could see an ogre, an orc priest, an orc wizard (invisible) and an orc.

Vanquished Creatures
  The ghost of Heedrag the Cudgeller, an amateur MiFi (D:4)
  Grinder (D:6)
  Sigmund (D:2)
  A water moccasin (D:5)
  2 ice beasts
  2 orc warriors
  A black bear (D:4)
  An ogre (D:5)
  A necrophage (D:4)
  3 scorpions (D:5)
  2 orc priests
  2 hounds
  2 jellies
  4 iguanas
  Ijyb (D:4)
  3 orc wizards
  13 mummies (Ossuary)
  Robin (D:4)
  10 adders
  2 worms
  3 dart slugs
  27 orcs
  3 bats
  10 endoplasms
  2 giant cockroaches
  17 goblins
  9 hobgoblins
  A jackal (D:6)
  3 quokkas
  5 ball pythons
  5 frilled lizards
  2 gnoll skeletons (Ossuary)
  A goblin skeleton (Ossuary)
  7 kobolds
  A kobold skeleton (Ossuary)
  4 orc skeletons (Ossuary)
  A rat (D:2)
  11 rat skeletons (Ossuary)
166 creatures vanquished.

Vanquished Creatures (others)
  2 octopodes (D:1)
  2 gargoyles (D:1)
  A vine stalker (D:1)
  A troll (D:1)
  2 humans (D:1)
  2 vampires (D:1)
  A dwarf (D:1)
  An ogre (D:1)
  A tengu (D:1)
  A mummy (D:1)
  A gnoll (D:1)
  A plant (D:4)
  4 tentacles (D:1)
20 creatures vanquished.

Grand Total: 186 creatures vanquished

Notes
Turn   | Place    | Note
-------+----------+-------------------------------------------
     0 | D:1      | Bnni the Formicid Fighter began the quest for the Orb.
     0 | D:1      | Reached XP level 1. HP: 18/18 MP: 1/1
     2 | D:1      | Noticed a troll
     2 | D:1      | Noticed a human
     2 | D:1      | Noticed a vine stalker
     2 | D:1      | Noticed an ogre
     2 | D:1      | Noticed a gargoyle
     2 | D:1      | Noticed a kraken
     2 | D:1      | Noticed a dwarf
     2 | D:1      | Noticed an octopode
     2 | D:1      | Noticed an octopode
     2 | D:1      | Noticed a human
     2 | D:1      | Noticed a gargoyle
     2 | D:1      | Noticed a tengu
     2 | D:1      | Noticed a vampire
     2 | D:1      | Noticed a vampire
     2 | D:1      | Killed a vine stalker
     5 | D:1      | Killed a gargoyle
     6 | D:1      | Killed an ogre
     6 | D:1      | Killed a troll
     7 | D:1      | Killed an octopode
     8 | D:1      | Killed an octopode
     9 | D:1      | Killed a dwarf
     9 | D:1      | Killed a gargoyle
     9 | D:1      | Killed a human
    10 | D:1      | Killed a human
    10 | D:1      | Killed a tengu
    12 | D:1      | Killed a vampire
    13 | D:1      | Killed a vampire
   154 | D:1      | Reached XP level 2. HP: 24/24 MP: 2/2
   842 | D:2      | Reached XP level 3. HP: 29/29 MP: 3/3
  1013 | D:2      | Found a shimmering altar of Xom.
  1060 | D:2      | Noticed Sigmund
  1071 | D:2      | Killed Sigmund
  1072 | D:2      | Reached skill level 4 in Polearms
  1072 | D:2      | Reached skill level 5 in Shields
  1072 | D:2      | Reached XP level 4. HP: 13/38 MP: 4/4
  1072 | D:2      | Reached XP level 5. HP: 15/43 MP: 5/5
  1072 | D:2      | Reached XP level 6. HP: 17/49 MP: 6/6
  1554 | D:3      | Reached skill level 5 in Polearms
  1790 | D:3      | Noticed an ice beast
  1804 | D:3      | Killed an ice beast
  1805 | D:3      | Reached skill level 5 in Fighting
  1805 | D:3      | Reached XP level 7. HP: 21/56 MP: 7/7
  1935 | D:3      | Found an ancient bone altar of Kikubaaqudgha.
  2086 | D:4      | Found a shimmering altar of Xom.
  2144 | D:4      | Reached skill level 6 in Polearms
  2147 | D:4      | Noticed Ijyb
  2164 | D:4      | Killed Ijyb
  2175 | D:4      | Identified the +0 leather armour of Ghostly Music {rF+}
  2206 | D:4      | Found a broken altar of Ashenzari.
  2223 | D:4      | Noticed Robin
  2260 | D:4      | Killed Robin
  2518 | D:4      | Reached XP level 8. HP: 54/64 MP: 5/8
  2639 | D:4      | Found a runed translucent gate.
  2640 | D:4      | Found a runed translucent gate.
  2640 | D:4      | Noticed Heedrag's ghost (amateur MiFi)
  2641 | D:4      | Found a runed translucent gate.
  2643 | D:4      | Identified the +6 mace of the Cursing Tiger {vorpal, Int+6}
  2643 | D:4      | Identified the +6 scale mail of Mianilub {*Corrode rPois
                  | Str+3 Dex+2}
  2694 | D:4      | Reached skill level 7 in Polearms
  2719 | D:4      | HP: 3/62 [Heedrag's ghost (7)]
  2721 | D:4      | Killed Heedrag's ghost
  2862 | D:4      | Identified the +2 hand axe "Wostra" {vorpal, Will+ Str+3}
  2909 | D:4      | Found a radiant altar of Vehumet.
  3326 | D:5      | Entered Level 5 of the Dungeon
  3346 | D:5      | Reached skill level 8 in Polearms
  3465 | D:5      | Reached XP level 9. HP: 60/72 MP: 6/9
  3683 | D:5      | Found a sand-covered staircase.
  3692 | Ossuary  | Entered an ossuary
  3754 | Ossuary  | Reached skill level 9 in Polearms
  4788 | D:6      | Found an ornate altar of the Wu Jian Council.
  4860 | D:6      | Noticed Grinder
  4884 | D:6      | Killed Grinder
  4982 | D:6      | Found a sacrificial altar of Ru.
  5066 | D:6      | Reached skill level 10 in Polearms
  5067 | D:6      | Slain by an ogre

Illustrated notes

Levels and vault maps discovered:
D:1:      nicolae_arrival_kraken_aquarium_b, layout_basic
D:2:      layout_rooms, basic_altar, uniq_sigmund
D:3:      layout_basic, kiku_gazebo_garden_becter
D:4:      layout_basic, xom_teletrap_fun, vehumet_altar_wand_db,
          evilmike_ruin_ashenzari, biasface_ghost_orc_armoury, corexii_shack,
          uniq_robin, uniq_ijyb
D:5:      layout_loops_ring, nicolae_ossuary_entry_ruins,
          hellmonk_bongcloud_opening
D:6:      layout_rooms, makhleb_altar_promises_db,
          nicolae_ru_great_annihilating_truth, mainiacjoe_overflow_alcove_1,
          minitemple, minmay_temple_entry_statues, uniq_grinder

Skill      XL: |  1  2  3  4  5  6  7  8  9 |
---------------+----------------------------+-----
Fighting       | 4 5 7 8 |  8.2
Polearms       | 4 5 6 8 10 | 10.1
Shields        | 5 |  5.0
Armour         | |  3.2

Action                   |  1- 3 |  4- 6 |  7- 9 || total
-------------------------+-------+-------+-------++-------
Melee: Trident           |    90 |    91 |   226 ||   407
       Unarmed           |       |       |     7 ||     7
       Halberd           |       |       |   237 ||   237
 Abil: Dig               |       |       |     7 ||     7
Evoke: Wand              |       |     2 |       ||     2
  Use: Potion            |     1 |       |     4 ||     5
       Scroll            |       |       |     8 ||     8
 Stab: Paralysed         |       |       |     1 ||     1
Armor: Scale mail        |    31 |    22 |       ||    53
       Chain mail        |       |    13 |    75 ||    88
       Plate armour      |       |       |    73 ||    73
Dodge: Dodged            |    26 |    26 |    86 ||   138
Block: Buckler           |    24 |    17 |    65 ||   106

Table legend: (Time is in decaauts)
 A = Elapsed time spent in this place.
 B = Non-inter-level travel time spent in this place.
 C = Inter-level travel time spent in this place.
 D = Time resting spent in this place.
 E = Time spent auto-exploring this place.
 F = Levels seen in this place.
 G = Mean time per level.
                   A        B        C        D        E       F      G
               +--------+--------+--------+--------+--------+-----+--------+
         Total |   5105 |   4979 |    126 |    230 |   3459 |   7 |  729.3 |
       Dungeon |   4611 |   4485 |    126 |    230 |   3127 |   6 |  768.5 |
       Ossuary |    493 |    493 |      0 |      0 |    332 |   1 |  493.0 |
               +--------+--------+--------+--------+--------+-----+--------+

Top non-repeatable levels by time:
     D:4: 1298 daAuts
     D:5: 927 daAuts
     D:1: 837 daAuts
     D:3: 659 daAuts
     D:2: 556 daAuts
 Ossuary: 493 daAuts
     D:6: 333 daAuts
